 Dungeon Crawl Stone Soup version 0.22-a0-480-g991dd4b (webtiles) character file.

0 Amnesiac the Charlatan (level 1, -5/9 HPs)
             Began as a Spriggan Artificer on June 16, 2018.
             Killed by divine providence
             ... invoked by an orc priest
              (14 damage)
             ... on level 3 of the Dungeon.
             The game lasted 00:01:34 (125 turns).

Amnesiac the Charlatan (Spriggan Artificer)          Turns: 125, Time: 00:01:35

Health: -5/9       AC:  2    Str:  8    XL:     1   Next: 8%
Magic:  4/4        EV: 18    Int: 12    God:
Gold:   50         SH:  0    Dex: 16    Spells: 0/0 levels left

rFire    . . .     SeeInvis +   a - +0 short sword
rCold    . . .     Gourm    .   (shield restricted)
rNeg     . . .     Faith    .   b - +0 robe
rPois    .         Spirit   .   (helmet restricted)
rElec    .         Reflect  .   (no cloak)
rCorr    .         Harm     .   (gloves unavailable)
MR       .....                  (boots unavailable)
Stlth    ++........             (no amulet)
HPRegen  0.03/turn              (no ring)
MPRegen  0.09/turn              (no ring)

@: very quick
A: very small, unfitting armour, see invisible, herbivore, speed 3, slow
metabolism 2
a: no special abilities


You were on level 3 of the Dungeon.
You were not hungry.

You visited 1 branch of the dungeon, and saw 3 of its levels.

You collected 50 gold pieces.

Inventory:

Hand Weapons
 a - a +0 short sword (weapon)
Armour
 b - a +0 robe (worn)
Wands
 c - a wand of flame (15)
 d - a wand of enslavement (15)
 e - a wand of random effects (15)
Scrolls
 i - a scroll of enchant weapon {!r, unknown}
Potions
 g - a potion of magic {!q, unknown}
 h - 2 potions of curing {!q, unknown}
 j - a potion of degeneration {!q, unknown}
Comestibles
 f - a ration


   Skills:
 - Level 0.7 Fighting
 - Level 1.1 Short Blades
 - Level 3.0 Dodging
 - Level 1.5 Stealth
 + Level 4.0 Evocations


You couldn't memorise any spells.
You didn't know any spells.
Your spell library was empty.

Dungeon Overview and Level Annotations

Branches:
Dungeon (3/15)

Altars:


Innate Abilities, Weirdness & Mutations

You are very small and have problems with some larger weapons.
You are too small for most types of armour.
You have supernaturally acute eyesight. (SInv)
You are a herbivore.
You cover ground extremely quickly.
You need to consume almost no food.


Message History

Welcome, Amnesiac the Spriggan Artificer.
It is said that the Orb of Zot exists deep within this dungeon.
Press ? for a list of commands and other information.
Found 28 gold pieces.
Found a staircase leading out of the dungeon.
You open the door.
There is an open door here.
There is a fountain of clear blue water here.
You now have 14 gold pieces.
Found a stone staircase leading down.
You now have 28 gold pieces (gained 14).
A giant cockroach comes into view.
There is a stone staircase leading down here.
You climb downwards.
There is a stone staircase leading up here.
Found a smoky green potion.
Found a murky orange potion.
Found 23 stones.
g - a smoky green potion {!q} 2 rats come into view.
You see here a murky orange potion {!q}.
h - a murky orange potion {!q} The rat closely misses you.
The rat closely misses you.
You see here 23 stones.
Found a scroll labeled ROSUUM PAIRPHIH.
A worm comes into view.
Found a murky orange potion.
You see here a scroll labeled ROSUUM PAIRPHIH {!r}.
i - a scroll labeled ROSUUM PAIRPHIH {!r}
Found a bubbling golden potion.
You see here a murky orange potion {!q}.
h - 2 murky orange potions {!q} (gained 1)
Found a stone staircase leading up.
j - a bubbling golden potion {!q}
There are no items here.
A bat comes into view.
You hit the bat.
You kill the bat!
Found 22 gold pieces.
Found a stone staircase leading up.
Found 24 arrows.
You now have 33 gold pieces (gained 5).
There are no items here.
You see here 17 gold pieces.
You now have 50 gold pieces (gained 17).
Found a stone staircase leading down.
There is a stone staircase leading down here.
You climb downwards.
A frilled lizard, 4 orcs and an orc priest come into view.
The orc shouts! x3; The frilled lizard hisses angrily.
The orc shouts!
Found 18 stones.
There is a stone staircase leading up here.
You hear an angry hiss.
The orc priest calls down the wrath of Beogh upon you.
Beogh smites you!
Ouch! That really hurt!
You die...

#######..#
.........
.........
......... ###
...o.l..# ...#
...o(...##.....
.o...o.........
..o....@...#
.........###
...........
.........###
###.#.#### #.#.
# #. #.


You could see an orc priest, 4 orcs and a frilled lizard.

Vanquished Creatures
  A bat (D:2)
1 creature vanquished.

Notes
Turn   | Place    | Note
-------+----------+-------------------------------------------
     0 | D:1      | Amnesiac the Spriggan Artificer began the quest for the Orb.
     0 | D:1      | Reached XP level 1. HP: 9/9 MP: 4/4
   124 | D:3      | Noticed an orc priest
   125 | D:3      | Killed from afar by an orc priest

Vault maps used:
D:1:      scummos_arrival_simple_fountains
D:2:      tgw_trog, chequers_temple_overflow_minitemple,
          minmay_goblin_kobold_house

Action                   || total
-------------------------++-------
Melee: Short sword       ||     1
Dodge: Dodged            ||     2

Table legend:
 A = Spawn XP
 B = Non-spawn XP
 C = Spawn XP percentage of total XP
 D = Spawn monster count
 E = Non-spawn monster count
 F = Spawn count percentage of total count
 G = Total turns spent on level
                    A         B        C        D         E        F      G
               +---------+---------+-------+---------+---------+-------+---------
         Total |       0 |       1 |   0.0 |       0 |       1 |   0.0 |   125
               +---------+---------+-------+---------+---------+-------+---------
           D:2 |       0 |       1 |   0.0 |       0 |       1 |   0.0 |    93
               +---------+---------+-------+---------+---------+-------+---------
